 Dungeon Crawl Stone Soup version 0.30-a0-365-ge7f957f1db (webtiles) character file.

Game seed: 12427906356106992263

1313 funkygono the Magician (level 8, -2/52 HPs)
             Began as a Demonspawn Fire Elementalist on Nov 16, 2022.
             Slain by a sky beast (6 damage)
             ... on level 6 of the Dungeon.
             The game lasted 00:10:17 (7078 turns).

funkygono the Magician (DsFE)                       Turns: 7078, Time: 00:10:17

Health: -2/52      AC:  7    Str:  9    XL:     8   Next: 32%
Magic:  10/17      EV: 16    Int: 18    God:
Gold:   218        SH:  0    Dex: 14    Spells: 5/19 levels left

rFire   . . .      SeeInvis +    i - +4 whip (pain)
rCold   . . .      Faith    .    (no shield)
rNeg    . . .      Spirit   .    l - +0 robe of Absence {SInv}
rPois   .          Reflect  .    (helmet restricted)
rElec   .          Harm     .    d - +0 cloak
rCorr   .          Rampage  .    (no gloves)
Will    .....                    (boots unavailable)
Stlth   ++........               (no amulet)
HPRegen 0.28/turn                r - +4 ring of evasion
MPRegen 0.15/turn                v - +4 ring of protection

@: lethally poisoned (-2 -> -11)
A: antennae 1, claws 1, hooves 3, powered by pain 2
a: no special abilities


You were on level 6 of the Dungeon.
You visited 2 branches of the dungeon, and saw 7 of its levels.

You collected 218 gold pieces.

Inventory:

Hand Weapons
 c - a +0 whip
 e - a +1 dagger of venom
 i - a +4 whip of pain (weapon)
Armour
 a - a +0 robe
 d - a +0 cloak (worn)
 k - an orb of light
 l - the +0 robe of Absence (worn) {SInv}
   (You found it on level 2 of the Dungeon)

   SInv:      It lets you see invisible.
Jewellery
 r - a +4 ring of evasion (left claw)
 v - a +4 ring of protection (right claw)
Scrolls
 p - a scroll of fog
 s - a scroll of magic mapping
 t - 2 scrolls of identify
 u - 4 scrolls of teleportation
 w - a scroll of enchant armour {unknown}
Potions
 f - 6 potions of haste
 h - 2 potions of invisibility
 j - a potion of degeneration
 m - 2 potions of lignification
 o - a potion of resistance
 q - a potion of cancellation


   Skills:
 + Level 0.1 Fighting
 + Level 2.2 Dodging
 - Level 1.7 Stealth
 + Level 6.3 Spellcasting
 + Level 4.1 Conjurations
 + Level 5.8 Fire Magic
 * Level 2.5 Poison Magic


You had 5 spell levels left.
You knew the following spells:

 Your Spells              Type           Power      Damage    Failure   Level
a - Foxfire               Conj/Fire      92%        2x1d8     1%          1
b - Scorch                Fire           52%        2d7       1%          2
c - Kindle Blastsparks    Fire/Tloc/Air  24%        2d12      16%         3
d - Flame Wave            Conj/Fire      23%        2d8       16%         4
e - Olgreb's Toxic Radia  Pois           14%        N/A       38%         4

Your spell library contained the following spells:

 Spells                   Type           Power      Damage    Failure   Level
 Inner Flame              Hex/Fire       16%        N/A       11%         3
 Call Canine Familiar     Summ           5%         N/A       34%         3
 Portal Projectile        Hex/Tloc       10%        N/A       34%         3
 Leda's Liquefaction      Hex/Erth       2%         N/A       75%         4
 Ozocubu's Refrigeration  Ice            2%         4d8       100%        7
 Ignition                 Fire           13%        3d6       100%        8


Dungeon Overview and Level Annotations

Branches:
Dungeon (6/15)             Temple (1/1) D:5

Altars:
Ashenzari
Cheibriados
Fedhas
Gozag
Kikubaaqudgha
Makhleb
Nemelex Xobeh
Okawaru
Qazlal
Sif Muna
Trog
Wu Jian
Xom
Yredelemnul

Shops:
D:1 (   D:2 ?


Innate Abilities, Weirdness & Mutations

You have a pair of small antennae on your head.
You have sharp fingernails.
You have hooves in place of feet.
You sometimes gain power by taking damage.


Message History

The water moccasin poisons you! The water moccasin bites you.
The water moccasin barely misses you. Magic courses through your body.
You feel very sick.
The water moccasin closely misses you. x3
Casting: Foxfire (safe; 1% risk of failure)
Confirm with . or Enter, or press ? or * to list all spells.
Flames lash the water moccasin.
The water moccasin is almost dead.
The water moccasin's fire resistance burns away.
* * * LOW HITPOINT WARNING * * *
You feel very sick. The water moccasin misses you. x2
Casting: Scorch (safe; 1% risk of failure)
Confirm with . or Enter, or press ? or * to list all spells.
The spell is quite dangerous to miscast (17% risk of failure)!
Continue anyway?
Okay, then.
Casting: Flame Wave (quite dangerous; 17% risk of failure)
Confirm with . or Enter, or press ? or * to list all spells.
The spell is quite dangerous to miscast (17% risk of failure)!
Continue anyway?
Casting: Flame Wave (quite dangerous; 17% risk of failure)
Press: ? - help, Dir - look around, f - activate A wave of flame ripples out!
The flame wave engulfs the water moccasin.
The water moccasin is burned terribly!
You kill the water moccasin!
The flame wave engulfs the water moccasin.
You kill the water moccasin! (Press . to intensify the flame waves.)
* * * LOW HITPOINT WARNING * * *
You feel very sick.
Your Conjurations skill increases to level 4!
A wave of flame ripples out!
The flame wave engulfs the sky beast.
The sky beast is lightly wounded.
* * * LOW HITPOINT WARNING * * *
You feel very sick. The sky beast hits you.
* * * LOW HITPOINT WARNING * * *
The sky beast shocks you.
You die...

5l#...#......##{
#.##...##......###
#...####......##
##...#..##...[..#
#...##.Y ##......
##...#.s ##.....
#...##.# ##....
##...#..# ##...
#.@Y##[# ##..
#..†s..# ##.
##.##### ### ##
#.# #.# #.# #<#
#.# #.#
#.#########.#
............#
##.###..##########


You could see a sky beast and a scorpion.

Vanquished Creatures
  3 water moccasins (D:6)
  A phantom (D:5)
  5 scorpions
  5 hounds
  4 jellies
  2 iguanas (D:6)
  6 orc wizards
  A gnoll (D:6)
  4 adders
  4 ufetubi
  A worm (D:2)
  4 dart slugs
  13 orcs
  7 ball pythons
  4 endoplasms
  2 giant cockroaches
  5 goblins
  3 hobgoblins
  2 jackals (D:1)
  4 quokkas
  6 bats
  4 frilled lizards
  15 kobolds
  5 rats
110 creatures vanquished.

Vanquished Creatures (collateral kills)
  A foxfire (D:5)
1 creature vanquished.

Vanquished Creatures (others)
  354 foxfires
  12 plants
366 creatures vanquished.

Grand Total: 477 creatures vanquished

Notes
Turn   | Place    | Note
-------+----------+-------------------------------------------
     0 | D:1      | funkygono the Demonspawn Fire Elementalist began the quest
                  | for the Orb.
     0 | D:1      | Reached XP level 1. HP: 13/13 MP: 3/3
   232 | D:1      | Gained mutation: You sometimes gain a little power by
                  | taking damage. [demonic ancestry]
   232 | D:1      | Reached XP level 2. HP: 19/19 MP: 1/5
   398 | D:1      | Learned a level 2 spell: Scorch
   906 | D:1      | Gained mutation: You sometimes gain power by taking damage.
                  | [demonic ancestry]
   906 | D:1      | Reached XP level 3. HP: 24/24 MP: 4/6
  1037 | D:1      | Found Itrikyg's Weapon Emporium.
  1632 | D:2      | Identified the +0 robe of Absence {SInv}
  1647 | D:2      | Found an opulent altar of Gozag.
  1907 | D:2      | Found a faded altar of an unknown god.
  1908 | D:2      | Found Kubb's Magic Scroll Shoppe.
  2266 | D:2      | Learned a level 3 spell: Kindle Blastsparks
  2624 | D:3      | Found a blossoming altar of Fedhas.
  2900 | D:3      | Discovered your monstrous ancestry.
  2900 | D:3      | Gained mutation: You have large cloven feet. [demonic
                  | ancestry]
  2900 | D:3      | Reached XP level 4. HP: 30/30 MP: 4/8
  2953 | D:3      | Found an ornate altar of the Wu Jian Council.
  3034 | D:3      | Found a bloodstained altar of Trog.
  3751 | D:4      | Reached skill level 3 in Spellcasting
  3827 | D:4      | Gained mutation: You have sharp fingernails. [demonic
                  | ancestry]
  3827 | D:4      | Reached XP level 5. HP: 33/35 MP: 0/9
  4227 | D:4      | Found a shimmering blue altar of Sif Muna.
  4814 | D:4      | Reached skill level 4 in Spellcasting
  4900 | D:4      | Gained mutation: You have a pair of small antennae on your
                  | head. [demonic ancestry]
  4900 | D:4      | Reached XP level 6. HP: 41/41 MP: 7/12
  4905 | D:4      | Learned a level 4 spell: Flame Wave
  5437 | D:5      | Entered Level 5 of the Dungeon
  5467 | D:5      | Found a staircase to the Ecumenical Temple.
  5476 | Temple   | Entered the Ecumenical Temple
  6083 | D:5      | Reached skill level 5 in Spellcasting
  6083 | D:5      | Gained mutation: You have hoof-like feet. [demonic
                  | ancestry]
  6083 | D:5      | Reached XP level 7. HP: 46/46 MP: 8/14
  6365 | D:5      | Learned a level 4 spell: Olgreb's Toxic Radiance
  6471 | D:6      | Reached skill level 5 in Fire Magic
  6515 | D:6      | Reached skill level 1 in Poison Magic
  6954 | D:6      | Gained mutation: You have hooves in place of feet. [demonic
                  | ancestry]
  6954 | D:6      | Reached XP level 8. HP: 52/52 MP: 10/16
  7066 | D:6      | Reached skill level 6 in Spellcasting
  7078 | D:6      | Slain by a sky beast

Illustrated notes

Levels and vault maps discovered:
D:1:      wander_arrival_peaceful_grave, layout_loops_ring, serial_shops,
          nicolae_shop_behind_doors, lexackson_kobold_supper
D:2:      layout_basic, basic_ecumenical_altar, basic_altar, serial_shops, shop
D:3:      layout_basic, marbit_many_paths, mainiacjoe_overflow_catch_the_wave,
          minmay_crystal_room, minmay_diced_spiral
D:4:      layout_layer_cave, mainiacjoe_overflow_surrounded_room,
          mainiacjoe_overflow_paths
D:5:      layout_gridville, minmay_temple_entry_gardened_gates,
          chequers_decorated_corner
D:6:      minmay_razor_zed, layout_loops_ring, kennysheep_mini, st_stairs_10
Temple:   minmay_temple_curvy_loop

Skill      XL: |  1  2  3  4  5  6  7  8 |
---------------+-------------------------+-----
Fire Magic     | 3 4 5 |  5.8
Dodging        | 2 |  2.2
Conjurations   | 2 3 4 |  4.1
Spellcasting   | 3 4 5 6 |  6.3
Poison Magic   | 2 |  2.5
Fighting       | |  0.1
Stealth        | |  1.7

Action                   |  1- 3 |  4- 6 |  7- 9 || total
-------------------------+-------+-------+-------++-------
Melee: Whip              |     2 |       |     1 ||     3
 Cast: Foxfire           |    79 |    74 |    67 ||   220
       Scorch            |     4 |    11 |    11 ||    26
       Flame Wave        |       |       |     1 ||     1
  Use: Scroll            |     7 |     5 |     2 ||    14
       Potion            |       |     1 |     2 ||     3
Armor: Robe              |     3 |     4 |     3 ||    10
Dodge: Dodged            |    22 |     6 |    27 ||    55

Table legend: (Time is in decaauts)
 A = Elapsed time spent in this place.
 B = Non-inter-level travel time spent in this place.
 C = Inter-level travel time spent in this place.
 D = Time resting spent in this place.
 E = Time spent auto-exploring this place.
 F = Levels seen in this place.
 G = Mean time per level.
                   A        B        C        D        E       F      G
               +--------+--------+--------+--------+--------+-----+--------+
         Total |   7075 |   6823 |    252 |     27 |   5956 |   7 | 1010.7 |
       Dungeon |   6858 |   6631 |    227 |     27 |   5767 |   6 | 1143.0 |
        Temple |    216 |    192 |     24 |      0 |    189 |   1 |  216.0 |
               +--------+--------+--------+--------+--------+-----+--------+

Top non-repeatable levels by time:
     D:4: 1813 daAuts
     D:1: 1441 daAuts
     D:3: 1327 daAuts
     D:2: 852 daAuts
     D:5: 738 daAuts
     D:6: 684 daAuts
  Temple: 216 daAuts
